Map: Dusk Towers

Players

Chedoo

  • Race: Terran Terran
  • League: Diamond

LilDicky - Winner!

  • Race: Terran Terran
  • League: Diamond

VOD

http://www.twitch.tv/tumescentpie

Description

Time

  • Played on: Dec. 4, 2015, 5:21 p.m.
  • Length: 7:47
Show
View Real Time Build Order
Export as new Build Order

Chedoo Terran 

Build Orders:  

Get SALT Encoding   

  12  0:02  SCV  
  13  0:14  SCV  
  13  0:18  Supply Depot  
  14  0:26  Refinery  
  14  0:28  SCV  
  15  0:40  SCV  
  16  0:53  SCV, Barracks  
  17  1:06  SCV  
  18  1:23  SCV  
  19  1:41  Orbital Command  
  19  1:42  Barracks Reactor  
  19  1:51  Factory  
  19  2:07  SCV  
  20  2:11  Command Center  
  20  2:20  SCV, Marine x2  
  22  2:33  SCV  
  23  2:43  Supply Depot  
  23  2:48  Factory Tech Lab  
  23  2:55  Starport  
  23  2:57  Supply Depot  
  23  3:05  SCV, Marine x2  
  26  3:10  Hellion  
  28  3:27  Orbital Command  
  27  3:36  Siege Tank, Marine x2  
  27  3:38  SCV  
  27  3:40  Refinery  
  33  3:45  Viking  
  35  3:50  SCV  
  35  3:54  Marine x2  
  38  4:05  Command Center  
  38  4:14  Marine x2  
  38  4:15  SCV x2  
  42  4:22  Siege Tank  
  45  4:28  SCV  
  45  4:29  SCV  
  47  4:32  Marine x2  
  47  4:37  Medivac  
  51  4:41  Supply Depot  
  51  4:43  SCV  
  51  4:44  SCV  
  53  4:53  Marine  
  54  5:03  SCV, Siege Tank, Marine  
  57  5:17  SCV x2  
  58  5:23  Engineering Bay, Marine x2  
  60  5:30  Medivac  
  60  5:34  Orbital Command  
  60  5:35  SCV x2  
  64  5:41  Refinery  
  64  5:42  Refinery  
  64  5:46  Barracks x2  
  64  5:52  Missile Turret  
  64  5:55  Missile Turret  
  60  6:06  SCV x2  
  60  6:08  Marine x2  
  63  6:14  SCV  
  59  6:34  Marine  
  59  6:35  Marine  
  61  6:52  SCV  
  59  6:55  Factory  
Show
View Real Time Build Order
Export as new Build Order

LilDicky Terran - Winner!

Build Orders: Banshee Rush 

Get SALT Encoding   

  12  0:04  SCV  
  13  0:16  SCV  
  14  0:21  Supply Depot  
  14  0:28  SCV  
  15  0:30  Refinery  
  15  0:43  SCV  
  16  0:52  Barracks  
  16  0:55  SCV  
  17  1:07  SCV  
  18  1:24  SCV  
  20  1:41  Reaper  
  20  1:42  Supply Depot  
  20  1:43  Orbital Command  
  20  1:49  Refinery  
  20  1:57  Refinery  
  20  2:04  Factory  
  20  2:13  Marine  
  21  2:34  Marine  
  21  2:35  SCV  
  23  2:40  Supply Depot  
  22  2:47  SCV  
  22  2:49  Factory Tech Lab  
  22  2:50  Starport  
  23  2:54  Marine  
  24  2:59  SCV  
  25  3:14  SCV, Widow Mine  
  25  3:16  Supply Depot  
  28  3:26  SCV  
  28  3:37  Command Center  
  28  3:39  SCV  
  30  3:42  Banshee  
  30  3:45  Cloaking Field  
  30  3:47  Marine  
  33  3:54  Factory Tech Lab  
  33  3:55  SCV  
  34  4:05  Marine  
  34  4:07  Engineering Bay  
  34  4:08  SCV  
  36  4:14  Siege Tank  
  39  4:20  SCV  
  39  4:22  Supply Depot, Marine  
  41  4:28  Banshee  
  44  4:33  SCV  
  45  4:45  SCV, Marine  
  47  4:51  Missile Turret  
  47  4:53  Supply Depot  
  47  4:55  Orbital Command  
  47  4:59  SCV  
  48  5:00  Siege Tank  
  51  5:19  Marine  
  51  5:20  Banshee  
  53  5:21  SCV  
  53  5:22  SCV  
  54  5:30  Factory  
  54  5:32  Refinery  
  54  5:33  SCV  
  54  5:34  Refinery  
  55  5:37  Supply Depot, Siege Tank  
  55  5:38  Marine  
  59  5:55  Marine  
  60  6:20  SCV  
  55  6:25  SCV  
  55  6:28  Banshee  
  55  6:30  Siege Tank  
  62  7:02  Siege Tank  
  59  7:12  SCV  
  55  7:15  Marine  
  55  7:19  SCV  
  57  7:24  SCV  
  57  7:31  SCV  
Tags
 
Add a new tag
Caveats
  • Supply blocks, unpowered buildings, or Contaminate may cause inaccurate times.
  • Supply counts are checked every 10 seconds.